 Dungeon Crawl Stone Soup version 0.29.1-14-g9c671dbff4 (webtiles) character file.

Game seed: 12842557773592012741

115 Ast3rio the Chopper (level 5, -1/47 HPs)
             Began as a Hill Orc Fighter on Feb 15, 2023.
             Killed from afar by an orc wizard (6 damage)
             ... with a puff of flame
             ... on level 4 of the Dungeon.
             The game lasted 00:06:05 (2941 turns).

Ast3rio the Chopper (Hill Orc Fighter)              Turns: 2941, Time: 00:06:11

Health: -1/47      AC:  7    Str: 21    XL:     5   Next: 0%
Magic:  5/5        EV:  9    Int:  8    God:
Gold:   196        SH:  4    Dex: 10    Spells: 4/4 levels left

rFire   x . .      SeeInvis .   a - +0 war axe
rCold   + . .      Faith    .   c - +0 buckler
rNeg    . . .      Spirit   .   b - +0 scale mail
rPois   .          Reflect  .   (no helmet)
rElec   .          Harm     .   (no cloak)
rCorr   .          Rampage  .   (no gloves)
Will    .....                   (no boots)
Stlth   ..........              (no amulet)
HPRegen 0.15/turn               k - ring of ice
MPRegen 0.09/turn               (no ring)

@: no status effects
A: no striking features
a: no special abilities


You were on level 4 of the Dungeon.
You visited 1 branch of the dungeon, and saw 4 of its levels.

You collected 196 gold pieces.

Inventory:

Hand Weapons
 a - a +0 war axe (weapon)
Armour
 b - a +0 scale mail (worn)
 c - a +0 buckler (worn)
Jewellery
 k - a ring of ice (left hand)
Wands
 j - a wand of mindburst (18)
Scrolls
 f - 2 scrolls of teleportation {unknown}
 l - a scroll of immolation {unknown}
 m - a scroll of blinking {unknown}
 o - a scroll of identify {unknown}
 p - 2 scrolls of amnesia {unknown}
Potions
 d - a potion of lignification {unknown}
 e - a potion of degeneration {unknown}
 g - a potion of resistance {unknown}
 h - a potion of ambrosia {unknown}
 i - 2 potions of heal wounds {unknown}
 n - 2 potions of curing {unknown}


   Skills:
 + Level 4.3 Fighting
 + Level 4.6 Axes
 + Level 4.0 Armour
 + Level 0.4 Dodging
 + Level 3.7 Shields


You had 4 spell levels left.
You didn't know any spells.
Your spell library contained the following spells:

 Spells                   Type           Power      Damage    Failure   Level
 Magic Dart               Conj           0%         1d3       83%         1
 Searing Ray              Conj           0%         2d4       92%         2
 Fulminant Prism          Conj/Hex       0%         3d6       100%        4


Dungeon Overview and Level Annotations

Branches:
Dungeon (4/15)
 Temple: D:4-7

Altars:

Annotations:
D:2 1 runed translucent door, Crazy Yiuf


Message History

You completely miss something. You hit the orc.
You kill the orc!
You closely miss the orc. You miss the orc wizard.
The orc hits you but does no damage. Something hits you.
The orc wizard hits you with a +0 dagger.
Your Armour skill increases to level 4!
You have reached level 5!
You feel stronger.
You hit the orc wizard but do no damage.
The orc wizard is severely wounded.
You miss something. You hit the orc. Something hits you but does no damage.
The orc closely misses you. The orc wizard casts a spell at you.
The magic dart hits you. The orc hits you with a +0 hand axe.
Something hits you.
The orc wizard hits you with a +0 dagger.
You closely miss the orc.
The orc is lightly wounded.
You miss the orc wizard. You hit something.
Something hits you but does no damage. The orc hits you with a +0 hand axe.
The orc wizard casts a spell at you. The puff of flame hits you!
The fire burns you terribly!
* * * LOW HITPOINT WARNING * * *
You bump into the rock wall.
The orc hits you with a +0 hand axe.
* * * LOW HITPOINT WARNING * * *
Something hits you but does no damage.
The orc wizard hits you but does no damage.
You're too confused to move!
You feel less confused. Something hits you but does no damage.
The orc hits you with a +0 hand axe.
* * * LOW HITPOINT WARNING * * *
The orc wizard hits you but does no damage.
You barely miss the orc wizard.
The orc wizard is severely wounded.
You closely miss something. You slash the orc!
You kill the orc!
You hear some strange, mumbled words.
A puff of flame appears from out of thin air!
The puff of flame hits you. The fire burns you terribly!
You die...

##.....###
##........##
#........<.##
##..........#
#.........##
##.......###
#..#...###
#).##### #{@#
......ho#
......SSy
.......W.#
........#.
.......##..
....... ..
......# ..


You could see a phantom, a hound, a killer bee, an orc wizard, an adder and a
ball python.

Vanquished Creatures
  Terence (D:2)
  2 adders (D:2)
  2 worms
  3 orcs
  7 ball pythons
  7 endoplasms
  3 giant cockroaches (D:1)
  5 goblins
  2 hobgoblins
  3 jackals (D:1)
  4 quokkas
  7 bats
  A frilled lizard (D:1)
  6 kobolds
  6 rats
59 creatures vanquished.

Notes
Turn   | Place    | Note
-------+----------+-------------------------------------------
     0 | D:1      | Ast3rio the Hill Orc Fighter began the quest for the Orb.
     0 | D:1      | Reached XP level 1. HP: 19/19 MP: 1/1
   233 | D:1      | Found a faded altar of an unknown god.
   238 | D:1      | Reached XP level 2. HP: 27/27 MP: 2/2
   611 | D:1      | Reached XP level 3. HP: 31/33 MP: 3/3
  1146 | D:2      | Reached XP level 4. HP: 8/40 MP: 4/4
  1583 | D:2      | Noticed Terence
  1593 | D:2      | Killed Terence
  1892 | D:2      | Found a runed translucent door.
  1893 | D:2      | Noticed Crazy Yiuf
  2932 | D:4      | Noticed a phantom
  2937 | D:4      | Reached XP level 5. HP: 27/47 MP: 5/5
  2941 | D:4      | Killed from afar by an orc wizard

Illustrated notes

Levels and vault maps discovered:
D:1:      amcnicky_arrival_abandoned_market, layout_basic,
          chequers_ecumenical_altar_simple, ebering_dispersal_statue_hall
D:2:      layout_basic, minmay_misc_feat_iff, uniq_crazy_yiuf_cottage,
          uniq_terence
D:3:      layout_basic, hangedman_feature_mirror
D:4:      minmay_octagon_keep, layout_cave_pods, serial_shops,
          nicolae_shop_advertising_works [nicolae_subvault_shop_adworks],
          minmay_manual_moon, uniq_duvessa

Skill      XL: |  1  2  3  4 |
---------------+-------------+-----
Axes           | 3 4 |  4.6
Fighting       | 4 |  4.3
Armour         | 4 |  4.0
Dodging        | |  0.4
Shields        | |  3.7

Action                   |  1- 3 |  4- 6 || total
-------------------------+-------+-------++-------
Melee: War axe           |   108 |    48 ||   156
  Use: Potion            |     1 |       ||     1
Armor: Scale mail        |    69 |    30 ||    99
Dodge: Dodged            |    61 |    24 ||    85
Block: Buckler           |    36 |     7 ||    43
